Cogmind - Beta 10.2 @@@ ROGUE MODE // 2021.06.18 @ 23:22:44 // Winter2019/RPGLIKE Player: KTG-V3 Result: Self-destructed Performance ------------- Evolutions (1) 500 Regions Visited (5) 1000 Robots Destroyed (93) 465 Value Destroyed (2025) 2025 Prototype IDs (6) 120 Alien Tech Used (0) 0 Bonus (49) 49 TOTAL SCORE: 4159 Bonus ------- High Alert Combat Kills 58 Follower Combat Kills 33 Friendly Fire -42 Cogmind --------- Core Integrity 349/1400 Matter 300/300 Energy 430/430 System Corruption 0% Temperature Cool (0) Movement Hovering (76) Location -9/Exiles Parts ------- > --- POWER (2) -------- Ion Engine Heavy Ion Engine > --- PROPULSION (2) --- Combat Airjet Combat Airjet > --- UTILITY (2) ------ Cooling System Advanced Signal Interpreter > --- WEAPON (3) ------- Improved EM Shotgun EM Pulse Cannon > --- INVENTORY (2) ---- Rocket Launcher Peak State ------------ > --- POWER ------------ Improved Ion Engine Heavy Ion Engine > --- PROPULSION ------- Combat Airjet Combat Airjet > --- UTILITY ---------- Cooling System Advanced Signal Interpreter > --- WEAPON ----------- Improved EM Shotgun Improved EM Shotgun EM Pulse Cannon > --- INVENTORY -------- Protomatter Rocket Launcher [Rating: 29] Favorites ----------- Power Improved Ion Engine Engine Improved Ion Engine Propulsion Light Treads Treads Light Treads Hover Unit Combat Airjet Utility Cooling System Device Cooling System Processor Advanced Signal Interpreter Hackware Hacking Suite Weapon Improved EM Shotgun Energy Gun Improved EM Shotgun Energy Cannon EM Pulse Cannon Ballistic Gun Assault Rifle Launcher Rocket Launcher Build | -11 -10 -10 -9 -9 -9 ------- Run | Scr Mat Min Mat Min Exi Slots Evolved 5 | 3 1 1 . . . Power 1 | . . 1 . . . Propulsion 1 | 1 . . . . . Utility 1 | . 1 . . . . Weapon 2 | 2 . . . . . Parts Attached 46 | 4 12 3 18 6 3 Power 8 | 1 1 1 4 . 1 Engine 8 | 1 1 1 4 . 1 Core . | . . . . . . Reactor . | . . . . . . Propulsion 7 | 1 2 . 2 2 . Treads 5 | 1 2 . 2 . . Leg . | . . . . . . Wheel . | . . . . . . Hover 2 | . . . . 2 . Flight . | . . . . . . Utility 4 | . 3 1 . . . Device 1 | . 1 . . . . Storage . | . . . . . . Processor 2 | . 1 1 . . . Hackware 1 | . 1 . . . . Protection . | . . . . . . Artifact . | . . . . . . Weapon 27 | 2 6 1 12 4 2 Energy Gun 15 | 1 6 1 6 . 1 Energy Cannon 7 | . . . 5 2 . Ballistic Gun 2 | 1 . . 1 . . Ballistic Cannon . | . . . . . . Launcher 3 | . . . . 2 1 Special Weapon . | . . . . . . Impact Weapon . | . . . . . . Slashing Weapon . | . . . . . . Piercing Weapon . | . . . . . . Special Melee Weapon . | . . . . . . Unidentified Prototypes 3 | . . . 3 . . Parts Lost 1 | . . . . . 1 Power . | . . . . . . Propulsion . | . . . . . . Utility . | . . . . . . Weapon 1 | . . . . . 1 Highest Loss Streak 1 | . . . . . 1 Average Slot Usage (%) 96 | . 89 100 99 100 96 Engine 19 | . 12 20 21 22 19 Treads 17 | . 20 22 22 11 . Hover 4 | . . . . 11 22 Device 10 | . 9 11 11 11 11 Processor 10 | . 9 11 11 11 11 Energy Gun 23 | . 22 33 22 22 20 Energy Cannon 6 | . . . 10 10 11 Ballistic Gun 2 | . 11 . . . . Naked Turns . | . . . . . . Heaviest Build 35 | 9 15 21 35 29 29 Greatest Support 46 | 20 40 40 46 46 44 Greatest Overweight (x) 1 | . . . . 1 . Average Overweight (x) . | . . . . . . Largest Inventory Capacity 2 | . 1 1 2 2 2 Average Capacity 1 | . . 1 1 2 2 Most Carried 2 | . 1 1 2 2 1 Average Carried 1 | . . 1 1 1 1 Final Capacity 2 | . 1 1 2 2 2 Final Carried 1 | . 1 1 1 1 1 Class Distribution -------------------- 88% | Gunner 11% | Mutant Dominant Class ---------------- Gunner | -10/Materials Gunner | -10/Mines Gunner | -9/Materials Gunner | -9/Mines Gunner | -9/Exiles Resources | -11 -10 -10 -9 -9 -9 ----------- Run | Scr Mat Min Mat Min Exi Matter Collected 993 | 273 274 41 180 170 55 Remotely . | . . . . . . Salvage Created 3318 | 206 597 . 1929 162 424 Parts 218 | 24 31 . 111 12 40 Haulers Intercepted 7 | . 2 . 5 . . Recyclers Shooed 2 | . 2 . . . . Parts Field Recycled . | . . . . . . Retrieved Matter . | . . . . . . Parts Self-Destructed . | . . . . . . Prevented . | . . . . . . Kills | -11 -10 -10 -9 -9 -9 ------- Run | Scr Mat Min Mat Min Exi Combat Hostiles Destroyed 55 | . 9 . 26 13 7 Guns 27 | . 9 . 17 1 . Cannons 7 | . . . 4 3 . AOE 18 | . . . 2 9 7 Classes Destroyed 16 | 3 5 . 3 3 2 Worker 8 | 2 3 . 3 . . Builder 2 | . . . 2 . . Tunneler 7 | 5 . . 2 . . Hauler 7 | . 2 . 5 . . Recycler 8 | 1 1 . 6 . . Operator 3 | . 1 . 2 . . Turret 1 | . . . . . 1 Watcher 8 | . 3 . 5 . . Swarmer 6 | . 3 . . 3 . Grunt 27 | . 6 . 19 2 . Brawler 1 | . . . . 1 . Duelist 1 | . . . 1 . . Sentry 6 | . . . 6 . . Demolisher 1 | . . . . 1 . Zionite 7 | . . . . . 7 Assembled 13 | . . . . 6 7 Best Kill Streak 7 | 5 3 . 6 6 7 Combat Bots Only 7 | . 3 . 6 6 7 Max Kills in Single Turn 3 | 1 1 . 2 3 3 Gunslinging . | . . . . . . Exploded 3 | . . . 1 3 3 Melee . | . . . . . . Uniques/NPCs Destroyed 1 | . . . . . 1 EX-BIN (-9/Exiles) Combat | -11 -10 -10 -9 -9 -9 -------- Run | Scr Mat Min Mat Min Exi Damage Taken 3070 | . 474 . 1080 272 1244 Core 2466 | . 381 . 873 226 986 Absorbed by Shields . | . . . . . . Redirected to Core 2048 | . 294 . 733 148 873 Core Remaining (%) 96 | 100 . 92 . . . Volleys Fired 231 | 11 59 1 84 15 61 Largest 3 | 2 3 3 3 3 3 Hottest 189 | 70 140 130 189 153 153 Shots Fired 559 | 22 147 3 229 25 133 Gun 413 | 22 147 3 159 10 72 Cannon 133 | . . . 70 5 58 Launcher 13 | . . . . 10 3 Special . | . . . . . . Kinetic 66 | 11 55 . . . . Thermal 96 | 11 85 . . . . Explosive 13 | . . . . 10 3 Electromagnetic 384 | . 7 3 229 15 130 Robot Hit Streak 25 | 4 17 . 22 13 25 Robot Miss Streak 5 | 3 5 . 3 2 2 Penetration Max . | . . . . . . Secondary Targets 3 | . 1 . 2 . . Max Gunslinging Chain 1 | . 1 . 1 . . Shots Hit Robots 395 | 13 88 . 159 18 117 Core Hits 196 | 9 31 . 79 29 48 Critical Hits 1 | . . . . . 1 Critical Kills . | . . . . . . Critical Parts Destroyed 1 | . . . . . 1 Melee Attacks . | . . . . . . Impact . | . . . . . . Slashing . | . . . . . . Piercing . | . . . . . . Sneak Attacks . | . . . . . . Combat Hostiles . | . . . . . . Follow-up Attacks . | . . . . . . Damage Inflicted 7144 | 195 1066 . 3645 982 1256 Guns 3683 | 195 1066 . 1907 205 310 Cannons 1292 | . . . 846 91 355 Explosions 2156 | . . . 892 686 578 Melee . | . . . . . . Ramming 13 | . . . . . 13 Kinetic 471 | 94 377 . . . . Thermal 2003 | 101 689 . 892 92 229 Explosive 940 | . . . . 594 346 Electromagnetic 3717 | . . . 2753 296 668 Impact . | . . . . . . Slashing . | . . . . . . Piercing . | . . . . . . Highest Corruption . | . . . . . . Average Corruption . | . . . . . . Corruption Purged . | . . . . . . Overload Shots . | . . . . . . Overflow Damage 168 | . . . 155 8 5 Projectiles 14 | . . . 13 . 1 Explosions 154 | . . . 142 8 4 Melee . | . . . . . . Knockbacks . | . . . . . . Impact . | . . . . . . Kinetic . | . . . . . . Secondary . | . . . . . . Self-Inflicted Damage 306 | . . . 219 39 48 Shots 7 | . . . 5 1 1 Rammed 2 | . . . . . 2 Targets Rammed 2 | . . . . . 2 Kicked . | . . . . . . Crushed . | . . . . . . Highest Temperature 210 | 63 15 . 210 42 149 Average Temperature 38 | 28 8 . 39 20 46 Received Heat Transfer 573 | . 156 . 333 24 60 Siege Activations . | . . . . . . Robots Corrupted 4 | . . . 3 . 1 Combat Hostiles 3 | . . . 3 . . Parts Fried 28 | . . . 24 . 4 Impact Corruptions . | . . . . . . Robots Melted . | . . . . . . Combat Hostiles . | . . . . . . Parts Melted 7 | . 5 . 2 . . Heat Transferred 3546 | 296 1988 . 950 100 212 Parts Sabotaged . | . . . . . . Parts Stolen . | . . . . . . Parts Stripped . | . . . . . . Power Chain Reactions 17 | . . . 10 1 6 Missiles Intercepted . | . . . . . . Alert | -11 -10 -10 -9 -9 -9 ------- Run | Scr Mat Min Mat Min Exi Peak Influence 737 | 40 191 12 737 487 . Initial 287 | . 26 12 . 287 . Average 194 | 15 75 6 289 358 . Maximum Alert Level 3 | . . . 3 2 . Low Security (%) 57 | 100 100 100 31 . . Level 1 28 | . . . 43 71 . Level 2 13 | . . . 22 28 . Level 3 . | . . . 1 . . Level 4 . | . . . . . . Level 5 . | . . . . . . High Security . | . . . . . . Max Security . | . . . . . . Squads Dispatched 8 | . 1 2 5 . . Investigation 5 | . . 1 4 . . Extermination . | . . . . . . Reinforcement 2 | . 1 . 1 . . Assault 1 | . . 1 . . . Garrison . | . . . . . . Intercept . | . . . . . . Construction Impeded . | . . . . . . Haulers Reinforced . | . . . . . . Stealth | -11 -10 -10 -9 -9 -9 --------- Run | Scr Mat Min Mat Min Exi Distress Signals 2 | . 1 . 1 . . Communications Jammed . | . . . . . . Distress Signals . | . . . . . . Times Spotted 98 | . 20 . 41 13 24 Peak Tracking Total 9 | . 3 . 3 6 9 Tactical Retreats 7 | . 1 . . 1 5 Traps | -11 -10 -10 -9 -9 -9 ------- Run | Scr Mat Min Mat Min Exi Traps Triggered 2 | . . . 2 . . Indirectly . | . . . . . . Trap Hack Attempts . | . . . . . . Triggered . | . . . . . . Disarmed 6 | . 6 . . . . Reprogrammed . | . . . . . . Reused . | . . . . . . Traps Extracted . | . . . . . . Installed . | . . . . . . Triggered . | . . . . . . Machines | -11 -10 -10 -9 -9 -9 ---------- Run | Scr Mat Min Mat Min Exi Machines Disabled 27 | . 1 . 19 1 6 Max in Single Turn 13 | . 1 . 13 1 2 Machines Sabotaged . | . . . . . . Garrisons Compromised . | . . . . . . Overloaded Fab Kills . | . . . . . . Fab Network Shutdowns . | . . . . . . Hacking | -11 -10 -10 -9 -9 -9 --------- Run | Scr Mat Min Mat Min Exi Machines Accessed 17 | . 9 2 6 . . Terminals 13 | . 7 1 5 . . Fabricators . | . . . . . . Repair Stations 1 | . 1 . . . . Recycling Units 2 | . 1 . 1 . . Scanalyzers . | . . . . . . Garrison Access . | . . . . . . Total Hacks 57 | . 33 4 20 . . Successful 27 | . 17 2 8 . . Failed 29 | . 15 2 12 . . Catastrophic 3 | . 2 1 . . . Database Lockouts 1 | . 1 . . . . Manual 20 | . 9 . 11 . . Terminals 49 | . 29 3 17 . . Fabricators . | . . . . . . Repair Stations 2 | . 2 . . . . Recycling Units 5 | . 2 . 3 . . Scanalyzers . | . . . . . . Garrison Access . | . . . . . . Terminal Hacks 18 | . 10 2 6 . . Robot Analysis 2 | . 1 . 1 . . Prototype ID Bank 1 | . 1 . . . . Open Door 1 | . . 1 . . . Branch Access Points 1 | . . . 1 . . Emergency Access Points 1 | . . . 1 . . Alert Level 3 | . 2 . 1 . . Locate Traps 3 | . 2 . 1 . . Disarm Traps 1 | . 1 . . . . Dispatch Records 1 | . . 1 . . . Hauler Manifests 1 | . . . 1 . . Registered Components 1 | . 1 . . . . Zone Layout 2 | . 2 . . . . Fabricator Hacks . | . . . . . . Repair Station Hacks 2 | . 2 . . . . Scan Component 1 | . 1 . . . . Repair 1 | . 1 . . . . Recycling Unit Hacks 3 | . 2 . 1 . . Report Inventory 1 | . 1 . . . . Retrieve Components 2 | . 1 . 1 . . Scanalyzer . | . . . . . . Garrison Access Hacks . | . . . . . . Unauthorized Hacks 4 | . 3 . 1 . . Terminals 4 | . 3 . 1 . . Track 1 | . 1 . . . . Botnet 3 | . 2 . 1 . . Fabricators . | . . . . . . Repair Stations . | . . . . . . Recycling Units . | . . . . . . Scanalyzers . | . . . . . . Garrison Access . | . . . . . . Data Cores Recovered 2 | . . . 2 . . Used . | . . . . . . Hacking Detections 13 | . 6 1 6 . . Full Trace Events 3 | . . 1 2 . . Feedback Events . | . . . . . . Feedback Blocked . | . . . . . . Robot Schematics Acquired . | . . . . . . Robots Built . | . . . . . . Matter . | . . . . . . Time . | . . . . . . Total Robot Build Rating . | . . . . . . Part Schematics Acquired . | . . . . . . Parts Built . | . . . . . . Matter . | . . . . . . Time . | . . . . . . Total Part Build Rating . | . . . . . . Parts Repaired 1 | . 1 . . . . Time 26 | . 26 . . . . Parts Recycled . | . . . . . . Recycled Matter . | . . . . . . Retrieved Matter . | . . . . . . Retrieved Components 19 | . 9 . 10 . . Parts Scanalyzed . | . . . . . . Part Schematics Acquired . | . . . . . . Parts Damaged . | . . . . . . Bothacking | -11 -10 -10 -9 -9 -9 ------------ Run | Scr Mat Min Mat Min Exi Used RIF Installer . | . . . . . . Robots Hacked . | . . . . . . Non-combat . | . . . . . . Combat . | . . . . . . Robot Hacks Applied . | . . . . . . Relay Couplers Released . | . . . . . . Robots Rewired . | . . . . . . Allies Hacked . | . . . . . . Hacks Repelled . | . . . . . . Allies | -11 -10 -10 -9 -9 -9 -------- Run | Scr Mat Min Mat Min Exi Total Allies 1 | . . 1 . . . Largest Group 1 | . . 1 1 . . Highest-Rated Group 31 | . . 31 31 . . Highest-Rated Ally 31 | . . 31 31 . . Total Orders . | . . . . . . Ally Attacks 6 | . . . 6 . . Total Damage 103 | . . . 103 . . Kills 1 | . . . 1 . . Allies Corrupted . | . . . . . . Allies Melted . | . . . . . . Intel | -11 -10 -10 -9 -9 -9 ------- Run | Scr Mat Min Mat Min Exi Robot Analysis Total 2 | . 1 . 1 . . Derelict Logs Recovered 3 | . . 2 . 1 . Drone Launches . | . . . . . . Drone Recoveries . | . . . . . . Exploration | -11 -10 -10 -9 -9 -9 ------------- Run | Scr Mat Min Mat Min Exi Turns Passed 6187 | 129 1501 736 2375 678 768 Spaces Moved 3499 | 55 763 447 1202 607 425 Core 4 | 4 . . . . . Treads 2639 | 51 763 447 1202 176 . Legs . | . . . . . . Wheels . | . . . . . . Hover 856 | . . . . 431 425 Flight . | . . . . . . Fastest Speed 50 | 50 160 160 160 76 76 Average Speed 139 | 152 160 160 160 100 76 Slowest Speed 170 | 160 160 160 160 170 76 Overloaded Moves . | . . . . . . Propulsion Burnouts . | . . . . . . Robots Hopped . | . . . . . . Cave-ins Triggered . | . . . . . . Exploration Rate (%) 78 | 4 96 94 94 98 84 Regions Visited 5 Branch Regions 3 Pre-discovered Areas 2 | . . 1 . 1 . Known Exits Taken 4 | . 1 1 1 1 . Unknown Exits Taken 1 | 1 . . . . . Scrap Searched 4 | . . 3 . 1 . Spaces Dug 15 | . . . . 15 . Terrain Destroyed 175 | . . . 65 86 24 Melee . | . . . . . . Projectile . | . . . . . . AOE 175 | . . . 65 86 24 Terrain Rammed . | . . . . . . Walls Destroyed . | . . . . . . Machines Disabled . | . . . . . . Actions | -11 -10 -10 -9 -9 -9 --------- Run | Scr Mat Min Mat Min Exi Total 4352 | 76 919 465 1480 650 762 Wait 444 | 7 65 10 82 10 270 Move 3494 | 54 762 446 1201 606 425 Hop . | . . . . . . Pick Up 10 | . 1 . 8 1 . Fast Attach 32 | 4 8 2 15 2 1 Attach . | . . . . . . Detach . | . . . . . . Swap 14 | . 4 1 3 4 2 Drop 38 | . 7 1 26 3 1 Fire 231 | 11 59 1 84 15 61 Melee . | . . . . . . Ram 2 | . . . . . 2 Kick . | . . . . . . Crush . | . . . . . . Escape Stasis . | . . . . . . Rewire . | . . . . . . Trap . | . . . . . . Miscellaneous 87 | . 13 4 61 9 . Route ------- -11/Scrapyard -10/Materials (discovered 4 exits: *Mat x3 / *Min) -10/Mines (discovered 2 exits: *Mat x2) -9/Materials (discovered 7 exits: *Mat x3 / *Min x2 / *Sto x2) -9/Mines (discovered 4 exits: *Mat x2 / *Exi / [*Zio]) -9/Exiles (discovered 2 exits: [*Min x2]) History --------- Turn | Location | Event 7 | -11/Scrapyard | Discovered new exit (range 14) 13 | -11/Scrapyard | Upgraded with Propulsion slot (x1) 13 | -11/Scrapyard | Upgraded with Weapon slot (x2) 130 | -11/Scrapyard | Entered Materials 308 | -10/Materials | Build established: Mutant 497 | -10/Materials | Upgraded with Utility slot (x1) 757 | -10/Materials | Discovered new exit (range 5) 763 | -10/Materials | Identified exit to Materials 861 | -10/Materials | Build established: Gunner 912 | -10/Materials | Discovered new exit (range 8) 1163 | -10/Materials | Reached level 2 1208 | -10/Materials | Discovered exit to Materials (range 16) 1208 | -10/Materials | Central database locked down 1269 | -10/Materials | Repaired Med. Laser 1349 | -10/Materials | Discovered exit to Materials (range 5) 1538 | -10/Materials | Identified exit to Mines 1631 | -10/Materials | Entered Mines 1706 | -10/Mines | Met a Derelict shopkeep closing up shop 1768 | -10/Mines | Upgraded with Power slot (x1) 1860 | -10/Mines | Discovered exit to Materials (range 16) 1875 | -10/Mines | Met a Derelict testing a Signal Generator 2084 | -10/Mines | Discovered exit to Materials (range 15) 2087 | -10/Mines | Learned location of Mines (-8) 2171 | -10/Mines | Found a hidden stash of uninstalled traps 2367 | -10/Mines | Entered Materials 2367 | -9/Materials | Accompanied by 1 ally 2368 | -9/Materials | Identified exit to Mines 2369 | -9/Materials | Reached level 3 2604 | -9/Materials | Discovered new exit (range 4) 2613 | -9/Materials | Identified exit to Storage 2844 | -9/Materials | Discovered new exit (range 16) 2876 | -9/Materials | Reached level 4 3349 | -9/Materials | Reached level 5 3377 | -9/Materials | Discovered new exit (range 16) 4088 | -9/Materials | Identified exit to Materials 4348 | -9/Materials | Reached level 6 4405 | -9/Materials | Discovered exit to Materials (range 5) 4742 | -9/Materials | Entered Mines 4742 | -9/Mines | Reached level 7 4824 | -9/Mines | Learned Materials interactive machine intel 4832 | -9/Mines | Discovered exit to Materials (range 6) 4926 | -9/Mines | Received a Rocket Launcher from a helpful Derelict 5027 | -9/Mines | Assembled infested the area 5079 | -9/Mines | Met 8R-AWN 5207 | -9/Mines | Discovered exit to Materials (range 12) 5228 | -9/Mines | Discovered new exit (range 5) 5292 | -9/Mines | Learned location of Storage (-9) 5352 | -9/Mines | A Derelict revealed a hidden shortcut to a safe place 5419 | -9/Mines | Identified exit to Exiles 5420 | -9/Mines | Entered Exiles 5422 | -9/Exiles | Reached level 8 5439 | -9/Exiles | Welcomed by 8R-AWN 5460 | -9/Exiles | Attacked by the Exiles 5476 | -9/Exiles | Core integrity fell below 50% 5482 | -9/Exiles | Core integrity fell below 20% 5507 | -9/Exiles | Destroyed 7 combat bots 5509 | -9/Exiles | Discovered new exit (range 14) 5995 | -9/Exiles | Destroyed EX-BIN 6181 | -9/Exiles | Discovered new exit (range 14) 6188 | -9/Exiles | Self-destructed Last Messages --------------- 05948_ Chain reaction triggered in Mak. Power Source. 05951_ DK-RAY destroyed. 05958_ W1-DM0 destroyed. 05965_ AM-PHS destroyed. 05995_ Chain reaction triggered in Prototype Reactor. 05995_ EX Chip 1 fried. 05995_ EX Chip 2 fried. 05995_ EX-BIN: "You can't kill me, my evil twin will get revenge!" 05995_ EX-BIN destroyed. 05995_ Machine disabled. 06022_ GM-J5T destroyed. 06028_ Destroyed EX Chip 2. 06031_ Chain reaction triggered in Prototype Power Core. 06037_ J5-HVA destroyed. 06052_ Destroyed EX Chip 2. 06116_ Chain reaction triggered in Prototype Engine. 06116_ Machine disabled. 06118_ Critical hit. 06118_ Imp. EM Shotgun destroyed. 06181_ EXIT=FOUND Map ----- +----------------------------------------------------+ | | | ??????????????????????????????????????????? | | ??????????????????????????????????????????? | | ??????????????????????????????????????????? | | ??????????????????????????????????????????? | | ??????????????????????????????????????????? | | ??????????????????????????????????????????? | | ??????????????????????????????????????????? | | ??????????????????????????????????????????? | | ??????????????????????????????????????????? | | ??????????????????????????????????????????? | | ??????????????????????????????????????????? | | ??????????????????????????????????????????? | | ??????????????????????????????????????????? | | ??????????????????????????????????????????? | | ??????????????????????????????????????????? | | ??????????????????????????????????????????? | | ????????????????#####?????????????????????? | | ???????????????## ##????????????????????? | | ???????????????# #????????????????????? | | ???????????????# < #????????????????????? | | ???????????????# ###??????????????????? | | ???????????????# #??????????????????? | | ???????????????# #???????????????????? | | ????????????????# #???????????????????? | | ????????????????# @ ##??????????????????? | | ????????????????## #????????????####### | | ?????????????????# #######??????#!!! "# | | ?????????????????# #""##?????# "# | | ?????????????????## #?????# "# | | ??????????????????##" ##???## ""# | | ??????????????????#"" #####" ""# | | ??????????????????#### ##" ""# | | ?????????????????????## #"" #?? | | ??????????????????????#"## #?? | | ??????????????????????####### ##? | | ????????????????????????????### "#? | | ?????????????????????????????#" ## | | ???????????????????????????"""" | | ???????????????????????! "###"" | | ???????????????????????! "#?##" | | ??????????????????????#! ##??#" | | ??????????????????????# !""""""###???#"# | | ??????????????????????#########??????#### | | ????????????????????????????????????????### | | ??????????????????????????????????????????# | | ??????????????????????????????????????????? | | ??????????????????????????????????????????? | | ??????????????????????????????????????????? | | ??????????????????????????????????????????? | +----------------------------------------------------+ Best States ------------- Heat Dissipation 53 Energy Generation 21 Energy Capacity 445 Matter Stores 300 Matter Capacity 300 Sight Range 16 Terrain Scan Density 10 Evasion (%) 49 Recoil Reduction 2 Offensive Hacking 10 Item Schematics ----------------- None Robot Schematics ------------------ None Fabricated ------------ Nothing Alien Tech Used ----------------- None Achievements -------------- None Challenges ------------ None RPGLIKE | -11 -10 -10 -9 -9 -9 --------- Run | Scr Mat Min Mat Min Exi Levels Raised 7 | . 1 . 4 1 1 XP Earned 13643 | 3000 1625 500 6810 1508 200 XP Spent 7400 | 1850 750 500 1400 . 2900 Upgrades 28 | 4 2 1 3 . 18 Power Slot 1 | . . 1 . . . Propulsion Slot 1 | 1 . . . . . Utility Slot 1 | . 1 . . . . Weapon Slot 2 | 2 . . . . . Core Integrity 16 | . . . . . 16 Heat Dissipation 1 | 1 . . . . . Inventory Capacity 2 | . 1 . 1 . . Ranged Accuracy 4 | . . . 2 . 2 Protomatter Created 726 | . 86 . 550 73 17 Integrity Restored 1701 | . 257 84 1178 182 . Core 1415 | . 254 84 916 161 . Parts 286 | . 3 . 262 21 . Protomatter Decayed 238 | . . 46 141 36 15 Game ------ Seed ThiefControlClaw Manual? 0 Play Time 00:36:54 Cumulative 188.1 hours Start 2021.06.18 @ 22:47:33 End 2021.06.18 @ 23:22:44 Sessions 1 Manual Loads 0 Difficulty Rogue Special Mode Winter2019/RPGLIKE Game No. 42 Rogue 41 Adventurer 0 Explorer 1 Win Type - Total 11 Types 3/2/1/1/0/0/3/1/0 Lore% 67 Gallery% 78 Achievement% 66 Wizard Run 0 Options --------- ASCII 0 Keyboard 0 Movement Mouse Keybinds 0 Fullscreen 1 Font 18/Terminus Map View 76x50 Tactical HUD 1 Map Filters NONE Filters NONE Steam 0 RUN: d15f23f1-c961-4174-a0c2-60ba25e32300